 Dungeon Crawl Stone Soup version 0.22.1-2-g9c5b331383 (webtiles) character file.

25 Peloso the Shield-Bearer (level 2, -4/27 HPs)
             Began as a Minotaur Fighter on Dec 7, 2018.
             Slain by a gnoll
             ... wielding a +1 flail of venom
              (7 damage)
             ... on level 1 of the Dungeon.
             The game lasted 00:01:24 (797 turns).

Peloso the Shield-Bearer (Minotaur Fighter)          Turns: 797, Time: 00:01:25

Health: -4/27      AC:  7    Str: 20    XL:     2   Next: 86%
Magic:  1/1        EV:  7    Int:  5    God:
Gold:   31         SH:  9    Dex:  9    Spells: 1/1 levels left

rFire    . . .     SeeInvis .   a - +0 long sword
rCold    . . .     Gourm    .   c - +0 shield
rNeg     . . .     Faith    .   b - +0 scale mail
rPois    .         Spirit   .   (helmet restricted)
rElec    .         Reflect  .   (no cloak)
rCorr    .         Harm     .   (no gloves)
MR       .....                  (no boots)
Stlth    ..........             (no amulet)
HPRegen  0.09/turn              (no ring)
MPRegen  0.07/turn              (no ring)

@: lethally poisoned (-4 -> -16)
A: retaliatory headbutt, horns 2
a: no special abilities


You were on level 1 of the Dungeon.
You were not hungry.

You visited 1 branch of the dungeon, and saw 2 of its levels.

You collected 31 gold pieces.

Inventory:

Hand Weapons
 a - a +0 long sword (weapon)
Armour
 b - a +0 scale mail (worn)
 c - a +0 shield (worn)
Jewellery
 j - an uncursed amulet of magic regeneration {unknown}
Scrolls
 h - 2 scrolls of noise {unknown}
 i - a scroll of remove curse {unknown}
 k - a scroll of blinking {unknown}
 l - a scroll of identify {unknown}
 m - a scroll of magic mapping {unknown}
Potions
 d - a potion of might
 e - a potion of mutation {unknown}
 g - a potion of lignification {unknown}
Comestibles
 f - 2 rations


   Skills:
 + Level 4.0 Fighting
 + Level 2.7 Long Blades
 + Level 4.0 Armour
 + Level 4.1 Shields


You had one spell level left.
You didn't know any spells.
Your spell library was empty.

Dungeon Overview and Level Annotations

Branches:
Dungeon (2/15)

Altars:

Annotations:
D:2 Sigmund


Innate Abilities, Weirdness & Mutations

You reflexively headbutt those who attack you in melee.
You have a pair of horns on your head.


Message History

The gnoll hits you with a flail of venom.
You closely miss the gnoll.
The gnoll is severely wounded.
You feel sick. The gnoll barely misses you.
You completely miss the gnoll. Your headbutt misses the gnoll.
The gnoll is severely wounded.
You feel sick.
The gnoll hits you with a flail of venom.
* * * LOW HITPOINT WARNING * * *
You are more poisoned.
You barely miss the gnoll.
The gnoll is severely wounded.
* * * LOW HITPOINT WARNING * * *
You feel sick. The gnoll barely misses you.
You hit the gnoll. Your headbutt misses the gnoll.
The gnoll is severely wounded.
* * * LOW HITPOINT WARNING * * *
You feel sick.
The gnoll hits you with a flail of venom!
You die...

.#..).....................#.#
.##.).....#.#.######.#....#.#
.)........#.#.## #.#'####.##
.....#....#.#..#####.........#
.....+......##.#.............#
.....#(...####...####........#
.....+..#'#####....##........####
.....+#......##....##........##≈§
#............##.@..##########.'..
#............##g...# #......#≈.
#.......#'####.....#####......#≈.
#.......#.####.#..............#≈.
#.......#.....................#≈.
#.......#.####.####.....#'#####≈.
#.......#...............#.# #≈.
#.......#.####)########.#.# #≈.
#.......#.#...........#.#.# #≈.


You could see a gnoll.

Vanquished Creatures
  3 dart slugs (D:1)
  A leopard gecko (D:1)
  3 goblins (D:1)
  A hobgoblin (D:1)
  3 jackals (D:1)
  A ball python (D:1)
  3 bats (D:1)
  A frilled lizard (D:1)
  A kobold (D:1)
  2 rats (D:1)
19 creatures vanquished.

Notes
Turn   | Place    | Note
-------+----------+-------------------------------------------
     0 | D:1      | Peloso the Minotaur Fighter began the quest for the Orb.
     0 | D:1      | Reached XP level 1. HP: 19/19 MP: 0/0
    88 | D:1      | Reached XP level 2. HP: 27/27 MP: 1/1
   786 | D:2      | Noticed Sigmund
   797 | D:1      | Slain by a gnoll

Skill      XL: |  1  2 |
---------------+-------+-----
Fighting       | 4 |  4.0
Armour         | 4 |  4.0
Shields        | 4 |  4.1
Long Blades    | |  2.7

Action                   || total
-------------------------++-------
Melee: Long sword        ||    44
       Headbutt          ||     6
Armor: Scale mail        ||    29
Dodge: Dodged            ||    13
Block: Shield            ||    23
       Rpst.: Long sword ||     1
